 Dungeon Crawl Stone Soup version 0.18-a0-1497-g788d838 (webtiles) character file.

213 milladamen the Digger (level 5, -2/28 HPs)
             Began as a Gargoyle Earth Elementalist on Mar 4, 2016.
             Slain by Tomstefer's ghost (9 damage)
             ... on level 3 of the Dungeon.
             The game lasted 00:37:45 (2706 turns).

milladamen the Digger (Gargoyle Earth Elementalist) Turns: 2706, Time: 00:37:45

Health: -2/28      AC:  7    Str: 12    XL:     5   Next: 90%
Magic:  3/11       EV: 12    Int: 16    God:
Gold:   151        SH:  0    Dex: 10    Spells: 2 memorised, 8 levels left

rFire  . . .     SeeInvis .     b - 97 stones
rCold  . . .     Gourm    .     a - +0 robe
rNeg   + . .     Faith    .     (no shield)
rPois  ∞         Spirit   .     (no helmet)
rElec  +         Dismiss  .     k - +0 cloak
rCorr  .         Reflect  .     (no gloves)
SustAt .         Harm     .     (no boots)
MR     .....                    (no amulet)
Stlth  ++........               (no ring)
                                (no ring)

@: very slightly contaminated, not resistant to hostile enchantments, unstealthy
A: negative energy resistance 1, electricity resistance, unbreathing,
petrification resistance, rot immunity, AC +4
a: no special abilities


You were on level 3 of the Dungeon.
You were not hungry.

You visited 1 branch of the dungeon, and saw 3 of its levels.

You collected 151 gold pieces.

Inventory:

Hand Weapons
 e - a +0 club
 l - a +0 mace
 s - a +0 flail of protection
 w - a +6 club
Missiles
 b - 97 stones (in hand)
Armour
 a - a +0 robe (worn)
 k - a +0 cloak (worn)
Jewellery
 o - a cursed ring of loudness {unknown}
Wands
 v - a wand of acid (5/15)
Scrolls
 f - 4 scrolls of magic mapping {unknown}
 g - 4 scrolls of remove curse {unknown}
 i - a scroll of blinking {unknown}
 j - 3 scrolls of immolation {unknown}
 n - 3 scrolls of teleportation {unknown}
 p - 5 scrolls of identify {unknown}
 t - a scroll of random uselessness {unknown}
 u - a scroll of enchant weapon {unknown}
Potions
 d - 2 potions of curing
 h - 2 potions of berserk rage {unknown}
 m - a potion of degeneration {unknown}
 q - a potion of agility {unknown}
 r - a potion of haste {unknown}
Books
 c - a book of Geomancy

   Spells                             Type                      Level
   a - Sandblast                      Earth                        1
   b - Passwall                       Transmutation/Earth          2
   c - Stone Arrow                    Conjuration/Earth            3
   d - Petrify                        Transmutation/Earth          4
   e - Lee's Rapid Deconstruction     Earth                        5


   Skills:
 - Level 1.5 Dodging
 - Level 2.1 Stealth
 * Level 4.2 Spellcasting
 + Level 2.3 Conjurations
   Level 0.7 Transmutations
 + Level 4.9 Earth Magic


You had 8 spell levels left.
You knew the following spells:

 Your Spells              Type           Power        Failure   Level  Hunger
a - Sandblast             Erth           ###...       1%          1    None
b - Stone Arrow           Conj/Erth      ###...       12%         3    ###....


Dungeon Overview and Level Annotations

Branches:
Dungeon (3/15)

Altars:
Dithmenos
Nemelex Xobeh
Okawaru
Xom

Annotations:
D:3 Tomstefer's ghost, amateur VSMo


Innate Abilities, Weirdness & Mutations

You are resistant to torment.
Your stone body is resilient (AC +4).
You are immune to poison.
You resist negative energy.
You are resistant to electric shocks.
You can survive without breathing.
You are immune to petrification.
You are immune to rotting.


Message History

The rocky blast hits Tomstefer's ghost.
Tomstefer's ghost is severely damaged.
Tomstefer's ghost hits you.
* * * LOW HITPOINT WARNING * * *
Casting: Sandblast
Confirm with . or Enter, or press ? or * to list all spells.
Aiming: Sandblast
Press: ? - help, Shift-Dir - straight line, f/p - Tomstefer's ghost
Aim: Tomstefer's ghost (severely damaged)
The rocky blast hits Tomstefer's ghost.
Tomstefer's ghost is severely damaged.
Tomstefer's ghost closely misses you.
Casting: Sandblast
Confirm with . or Enter, or press ? or * to list all spells.
Aiming: Sandblast
Press: ? - help, Shift-Dir - straight line, f/p - Tomstefer's ghost
Aim: Tomstefer's ghost (severely damaged)
The rocky blast misses Tomstefer's ghost.
Tomstefer's ghost hits you!
You die...

######......(#
#.#.....#
#............#
#.#.....#
##.###.......#
#.#.....# #.#####.#####
#.#.....# #.....#.#
#.##.#### #####.#..
...#.#######
#.##########.##........
#.#........#>..........
#..<..@.......##.......
#.....W....#.###.......
#..........#. #.......
#.........## #.......
#.........# #.......
#.........# #.......
#.........# #.......
#.........# #.......
###.#...... #.......


You could see Tomstefer's ghost.

Vanquished Creatures
  Ijyb (D:3)
  Terence (D:2)
  4 gnolls (D:2)
  4 adders (D:2)
  An ooze (D:1)
  3 worms
  2 dart slugs
  A giant gecko (D:1)
  3 orcs (D:3)
  2 giant cockroaches
  7 goblins
  10 hobgoblins
  7 jackals
  7 kobolds
  2 quokkas (D:2)
  A ball python (D:1)
  4 bats
  7 giant newts
  6 rats
73 creatures vanquished.

Notes
Turn   | Place    | Note
--------------------------------------------------------------
     0 | D:1      | milladamen the Gargoyle Earth Elementalist began the quest for the Orb.
     0 | D:1      | Reached XP level 1. HP: 10/10 MP: 3/3
   119 | D:1      | Reached XP level 2. HP: 12/15 MP: 3/5
   265 | D:1      | Reached XP level 3. HP: 17/19 MP: 1/7
   270 | D:1      | Learned a level 3 spell: Stone Arrow
   984 | D:2      | Noticed Terence
  1096 | D:2      | Reached XP level 4. HP: 24/24 MP: 5/9
  1168 | D:2      | Reached skill level 1 in Conjurations
  1353 | D:2      | Reached XP level 5. HP: 15/28 MP: 0/10
  1564 | D:2      | Killed Terence
  1798 | D:3      | Noticed Tomstefer's ghost (amateur VSMo)
  1844 | D:3      | Found an iron altar of Okawaru.
  1955 | D:3      | Found a shadowy altar of Dithmenos.
  1990 | D:3      | Found a sparkling altar of Nemelex Xobeh.
  2032 | D:3      | Found a faded altar to an unknown god.
  2068 | D:3      | Found a shimmering altar of Xom.
  2384 | D:3      | Noticed Ijyb
  2413 | D:3      | Killed Ijyb
  2706 | D:3      | Slain by Tomstefer's ghost

Vault maps used:
D:1:      dpeg_arrival_simpleton_c, roderic_roman_lattice,
          minmay_misc_feat_nine_boxes
D:2:      first_bread, uniq_terence
D:3:      grunt_dithmenos_smoke_and_mirrors, marbit_many_paths,
          okawaru_metal_pillars_3, xom_butterflies, ecumenical_altar_2,
          uniq_iyjb

Skill      XL: |  1  2  3  4  5 |
---------------+----------------+-----
Earth Magic    | 4 |  4.9
Spellcasting   | 3 4 |  4.2
Conjurations   | 1 2 |  2.3
Dodging        | |  1.5
Stealth        | |  2.1
Transmutations | |  0.7

Action                   |  1- 3 |  4- 6 || total
-------------------------+-------+-------++-------
Melee: Unarmed           |    12 |       ||    12
       Club              |    22 |    11 ||    33
       Mace              |     1 |    19 ||    20
       Flail             |       |    23 ||    23
 Cast: Sandblast         |    57 |   107 ||   164
Evoke: Wand              |       |     1 ||     1
  Eat: Bread ration      |     1 |     1 ||     2
